Kradschützen Motorcycle Team
Selects Italian Combined Arms Battlegroup
Selects Bersaglieri Squad
Construct Light Support Kompanie
Selects Bersaglieri Bolster
Selects Breda Model 30 Light Machine Guns
Construct Mechanized Kompanie
Marder III Tank Destroyer
Panzerjäger Mechanized Group
Selects Semovente da 75/18 Assault Gun
Selects Semovente da 75/18 Assault Gun
Semovente da 75/18 Assault Gun
Semovente da 75/18 Assault Gun